 Dungeon Crawl Stone Soup version 0.22-a0-412-g2b68d14 (webtiles) character file.

131 Borgoz the Skirmisher (level 5, 0/33 HPs)
             Began as a Gargoyle Abyssal Knight on May 12, 2018.
             Was a Believer of Lugonu.
             Slain by Sigmund
             ... wielding a +2 scythe of protection
              (10 damage)
             ... on level 2 of the Dungeon.
             The game lasted 00:04:23 (1857 turns).

Borgoz the Skirmisher (Gargoyle Abyssal Knight)     Turns: 1857, Time: 00:04:23

Health: 0/33       AC:  8    Str: 15    XL:     5   Next: 14%
Magic:  7/7        EV: 11    Int: 13    God:    Lugonu [**....]
Gold:   157        SH:  0    Dex: 10    Spells: 4/4 levels left

rFire    . . .     SeeInvis .   a - +2 hand axe (elec)
rCold    . . .     Gourm    .   (no shield)
rNeg     + . .     Faith    .   b - +1 leather armour
rPois    ∞         Spirit   .   (no helmet)
rElec    +         Reflect  .   (no cloak)
rCorr    .         Harm     .   (no gloves)
MR       .....                  (no boots)
Stlth    +.........             (no amulet)
HPRegen  0.11/turn              (no ring)
MPRegen  0.10/turn              (no ring)

@: very slightly contaminated, invisible
A: negative energy resistance 1, electricity resistance, unbreathing,
petrification resistance, rot immunity, AC +4
a: Depart the Abyss, Bend Space, Renounce Religion


You were on level 2 of the Dungeon.
You worshipped Lugonu.
Lugonu was pleased with you.
You were not hungry.

You visited 1 branch of the dungeon, and saw 3 of its levels.
You visited the Abyss 1 time.

You collected 157 gold pieces.

Inventory:

Hand Weapons
 a - a +2 hand axe of electrocution (weapon)
Armour
 b - a +1 leather armour (worn)
Jewellery
 h - a cursed ring of teleportation {unknown}
 l - a +3 ring of evasion {unknown}
Scrolls
 m - a scroll of remove curse
 p - a scroll of fear {unknown}
Potions
 f - a potion of lignification {unknown}
 g - a potion of brilliance {unknown}
 i - 2 potions of curing
 j - a potion of cancellation {unknown}
 k - 2 potions of heal wounds {unknown}
 o - a potion of flight {unknown}
Comestibles
 c - 5 rations
 d - 6 chunks of flesh


   Skills:
 + Level 4.0 Fighting
 * Level 2.9 Axes
 + Level 2.9 Armour
 + Level 1.7 Dodging
 + Level 2.9 Invocations


You had 4 spell levels left.
You didn't know any spells.
Your spell library was empty.

Dungeon Overview and Level Annotations

Branches:
Dungeon (3/15)

Altars:
Vehumet

Annotations:
D:2 Sigmund


Innate Abilities, Weirdness & Mutations

You are resistant to torment.
Your stone body is resilient. (AC +4)
You are immune to poison.
You resist negative energy. (rN+)
You are resistant to electric shocks. (rElec)
You can survive without breathing.
You are immune to petrification.
You are immune to rotting.


Message History

You kill the leopard gecko!
Lugonu accepts your kill.
You closely miss something. Something hits you!
* * * LOW HITPOINT WARNING * * *
You closely miss something. Something hits you but does no damage.
Unknown command.
You are confused.
You feel invigorated.
You hear some strange, mumbled words.
A puff of flame appears from out of thin air!
The puff of flame misses you.
You miss something.
You hear some strange, mumbled words.
A magic dart appears from out of thin air!
The magic dart hits you!
You're too confused to move!
You feel less invigorated.
You feel less confused. Something hits you!
You hit something. Something hits you!
You die...

##### #...### #.....
## ..#########..###.#
. .............@.K.# #
.####..#####.##.# #
... #..#####..# #
......#.....###..[
#.......#.#.#.# .#[#
...._.......#.###.#...
#.......#.........#
###
#.......#...#.##... #
..... #.....#


You could see a kobold.

Vanquished Creatures
  Robin (D:2)
  4 adders
  3 dart slugs
  5 leopard geckos
  A giant cockroach (D:2)
  16 goblins
  7 hobgoblins
  7 jackals (D:1)
  A quokka (D:2)
  2 ball pythons (D:1)
  7 bats
  A frilled lizard (D:2)
  2 kobolds (D:1)
  9 rats
66 creatures vanquished.

Notes
Turn   | Place    | Note
-------+----------+-------------------------------------------
     0 | Abyss:1  | Borgoz the Gargoyle Abyssal Knight began the quest for the Orb.
     0 | Abyss:1  | Reached XP level 1. HP: 14/14 MP: 2/2
    68 | Abyss:2  | Noticed a ynoxinul
    69 | Abyss:2  | Noticed a hellwing
    71 | Abyss:2  | Noticed a quasit
    72 | D:1      | Escaped the Abyss
   101 | D:1      | Reached * piety under Lugonu
   115 | D:1      | Reached XP level 2. HP: 14/19 MP: 3/3
   145 | D:1      | Reached skill level 1 in Dodging
   409 | D:1      | Reached XP level 3. HP: 12/23 MP: 4/4
  1212 | D:2      | Noticed Sigmund
  1415 | D:2      | Reached ** piety under Lugonu
  1415 | D:2      | Reached XP level 4. HP: 26/29 MP: 5/5
  1435 | D:2      | Noticed Robin
  1447 | D:2      | Killed Robin
  1585 | D:2      | Found a radiant altar of Vehumet.
  1769 | D:3      | Reached skill level 4 in Fighting
  1769 | D:3      | Reached XP level 5. HP: 29/33 MP: 7/7
  1857 | D:2      | Slain by Sigmund

Vault maps used:
D:1:      scummos_arrival_forest
D:2:      old_standard_altar, first_ration, chequers_ecumenical_altar_simple,
          minmay_tromino_mix6, uniq_natasha, uniq_robin, uniq_sigmund
D:3:      minmay_misc_feat_four_crosses, st_stairs_14,
          minmay_misc_feat_secret_circle

Skill      XL: |  1  2  3  4 |
---------------+-------------+-----
Axes           | 2 |  2.9
Dodging        | 1 |  1.7
Fighting       | 4 |  4.0
Armour         | |  2.9
Invocations    | |  2.9

Action                   |  1- 3 |  4- 6 || total
-------------------------+-------+-------++-------
Melee: Hand axe          |   122 |    67 ||   189
Invok: Depart the Abyss  |     1 |       ||     1
  Use: Scroll            |     6 |     2 ||     8
       Potion            |     1 |     2 ||     3
  Eat: Chunk             |     1 |     2 ||     3
Armor: Leather armour    |    57 |    27 ||    84
Dodge: Dodged            |    99 |    25 ||   124

Table legend:
 A = Spawn XP
 B = Non-spawn XP
 C = Spawn XP percentage of total XP
 D = Spawn monster count
 E = Non-spawn monster count
 F = Spawn count percentage of total count
 G = Total turns spent on level
                    A         B        C        D         E        F      G
               +---------+---------+-------+---------+---------+-------+---------
         Total |       0 |     188 |   0.0 |       0 |      66 |   0.0 |  1857
               +---------+---------+-------+---------+---------+-------+---------
           D:1 |       0 |      63 |   0.0 |       0 |      33 |   0.0 |  1298
           D:2 |       0 |      98 |   0.0 |       0 |      26 |   0.0 |   299
           D:3 |       0 |      27 |   0.0 |       0 |       7 |   0.0 |   188
               +---------+---------+-------+---------+---------+-------+---------
